 Dungeon Crawl Stone Soup version 0.30-a0-329-g85436e0a43 (webtiles) character file.

Game seed: 744487752280504988

247 bande the Chopper (level 6, 0/53 HPs)
             Began as a Hill Orc Fighter on Oct 29, 2022.
             Slain by a lemure (7 damage)
             ... led by Pikel
             ... on level 5 of the Dungeon.
             The game lasted 00:05:26 (3261 turns).

bande the Chopper (Hill Orc Fighter)                Turns: 3261, Time: 00:05:27

Health: 0/53       AC:  9    Str: 19    XL:     6   Next: 11%
Magic:  6/6        EV:  9    Int:  8    God:
Gold:   261        SH:  5    Dex: 12    Spells: 5/5 levels left

rFire   . . .      SeeInvis .    a - +0 war axe
rCold   . . .      Faith    .    c - +0 buckler
rNeg    . . .      Spirit   .    b - +0 scale mail
rPois   .          Reflect  .    h - +1 helmet
rElec   .          Harm     .    (no cloak)
rCorr   +          Rampage  .    (no gloves)
Will    .....                    (no boots)
Stlth   ..........               (no amulet)
HPRegen 0.28/turn                p - ring of resist corrosion
MPRegen 0.10/turn                (no ring)

@: mighty
A: no striking features
a: no special abilities


You were on level 5 of the Dungeon.
You visited 1 branch of the dungeon, and saw 5 of its levels.

You collected 261 gold pieces.

Inventory:

Hand Weapons
 a - a +0 war axe (weapon)
Armour
 b - a +0 scale mail (worn)
 c - a +0 buckler (worn)
 h - a +1 helmet (worn)
Jewellery
 k - a ring of magical power
 p - a ring of resist corrosion (left hand)
Wands
 j - a wand of quicksilver (6)
Scrolls
 f - a scroll of identify
 l - a scroll of blinking
 m - a scroll of teleportation
 n - a scroll of magic mapping
 q - 2 scrolls of fog
 r - a scroll of amnesia
 s - a scroll of enchant armour
Potions
 d - a potion of might
 e - 6 potions of curing
 g - a potion of magic
 o - a potion of invisibility
 t - a potion of attraction {unknown}


   Skills:
 + Level 4.4 Fighting
 + Level 5.7 Axes
 + Level 4.3 Armour
 + Level 4.2 Shields
 * Level 1.1 Evocations


You had 5 spell levels left.
You didn't know any spells.
Your spell library contained the following spells:

 Spells                   Type           Power      Damage    Failure   Level
 Static Discharge         Conj/Air       0%         2-2/arc   94%         2
 Stone Arrow              Conj/Erth      0%         3d7       99%         3
 Vhi's Electric Charge    Tloc/Air       0%         N/A       99%         3
 Animate Armour           Summ/Erth      0%         N/A       100%        4
 Arcjolt                  Conj/Air       0%         1d10      100%        5
 Lightning Bolt           Conj/Air       0%         1d11      100%        5
 Lehudib's Crystal Spear  Conj/Erth      0%         10d2      100%        8


Dungeon Overview and Level Annotations

Branches:
Dungeon (5/15)
 Temple: D:4-7

Altars:
Ashenzari
Hepliaklqana
Yredelemnul

Shops:
D:3 *

Annotations:
D:5 Pikel


Message History

Pikel burns you. The lemure closely misses you.
You feel very mighty all of a sudden.
Pikel hits you with a +1 whip of flaming.
Pikel burns you. The lemure barely misses you. The lemure closely misses you.
You closely miss Pikel.
Pikel is moderately wounded.
You slash the lemure! You closely miss the lemure. You block Pikel's attack.
The lemure hits you. The lemure closely misses you.
Unknown command.
You barely miss Pikel.
Pikel is moderately wounded.
You barely miss the lemure. You closely miss the lemure. The lemure hits you.
The lemure hits you but does no damage.
Pikel hits you with a +1 whip of flaming.
Pikel burns you.
You barely miss Pikel.
Pikel is moderately wounded.
You closely miss the lemure. You barely miss the lemure.
The lemure barely misses you.
Pikel hits you with a +1 whip of flaming!
* * * LOW HITPOINT WARNING * * *
Pikel burns you.
* * * LOW HITPOINT WARNING * * *
The lemure hits you but does no damage. You block the lemure's attack.
The lemure hits you but does no damage. Pikel barely misses you.
You closely miss Pikel.
Pikel is moderately wounded.
You barely miss the lemure. x2; You block Pikel's attack.
The lemure hits you but does no damage. x2
Unknown command.
You hit Pikel.
Pikel is moderately wounded.
You closely miss the lemure. x2; You block Pikel's attack.
The lemure closely misses you. The lemure barely misses you.
Unknown command.
You slash Pikel!
Pikel is severely wounded.
You barely miss the lemure. You closely miss the lemure.
The lemure hits you but does no damage. The lemure hits you!
You die...

.. #.# .# #.# .###
##.##... . .....##
... ......
#.#..###5.#####.
#...55K@5.......
.....###..#...... #..
#..#.# #.# . #..#.#
#.# #..#.# #.# #..#.#
#.# #..#.# #.#
#..##†.#.###.######.#
#............#<......


You could see Pikel and 4 lemures.

Vanquished Creatures
  A hound (D:5)
  Jessica (D:2)
  2 hound zombies (D:3)
  Robin (D:3)
  4 adders
  A white imp (D:5)
  2 adder zombies (D:3)
  A worm (D:2)
  3 dart slugs
  4 orcs (D:4)
  7 bats
  7 endoplasms
  3 giant cockroaches
  11 goblins
  7 hobgoblins
  4 jackals
  7 kobolds
  7 quokkas
  5 ball pythons
  5 frilled lizards
  2 rats
85 creatures vanquished.

Vanquished Creatures (others)
  2 plants (D:1)
2 creatures vanquished.

Grand Total: 87 creatures vanquished

Notes
Turn   | Place    | Note
-------+----------+-------------------------------------------
     0 | D:1      | bande the Hill Orc Fighter began the quest for the Orb.
     0 | D:1      | Reached XP level 1. HP: 19/19 MP: 1/1
   165 | D:1      | Reached XP level 2. HP: 27/27 MP: 2/2
   331 | D:1      | Reached skill level 3 in Axes
   583 | D:1      | Reached XP level 3. HP: 33/33 MP: 3/3
   893 | D:2      | Noticed Jessica
   897 | D:2      | Killed Jessica
   898 | D:2      | Reached XP level 4. HP: 35/40 MP: 4/4
  1015 | D:2      | Reached skill level 4 in Axes
  1678 | D:3      | Noticed Robin
  1690 | D:3      | Killed Robin
  1850 | D:3      | Reached XP level 5. HP: 46/46 MP: 5/5
  1905 | D:3      | Reached skill level 5 in Axes
  1925 | D:3      | Found a basalt altar of Yredelemnul.
  2031 | D:3      | Found Kacw's Assorted Antiques.
  2616 | D:4      | Reached skill level 1 in Evocations
  2889 | D:4      | Found a broken altar of Ashenzari.
  2892 | D:4      | Found a hazy altar of Hepliaklqana.
  3183 | D:5      | Entered Level 5 of the Dungeon
  3207 | D:5      | Reached XP level 6. HP: 44/53 MP: 6/6
  3241 | D:5      | Noticed Pikel
  3261 | D:5      | Slain by a lemure

Illustrated notes

Levels and vault maps discovered:
D:1:      erik_arrival_orb_chamber, layout_basic, serial_bayou_crossing
D:2:      layout_basic, uniq_jessica
D:3:      layout_loops_cross, nicolae_yredelemnul_corpse_copse, serial_shops,
          nicolae_shop_crystal, uniq_robin
D:4:      layout_loops_ring, mainiacjoe_overflow_large_starburst, st_stairs_3
D:5:      layout_basic, gammafunk_temple_overflow_pools, grunt_decor_fettered,
          uniq_pikel, uniq_menkaure, uniq_eustachio

Skill      XL: |  1  2  3  4  5 |
---------------+----------------+-----
Axes           | 3 4 5 |  5.7
Fighting       | 4 |  4.4
Armour         | 4 |  4.3
Shields        | 4 |  4.2
Evocations     | 1 |  1.1

Action                   |  1- 3 |  4- 6 || total
-------------------------+-------+-------++-------
Melee: War axe           |    59 |   185 ||   244
  Use: Scroll            |     5 |     7 ||    12
       Potion            |       |     2 ||     2
Armor: Scale mail        |    24 |    95 ||   119
Dodge: Dodged            |    24 |   107 ||   131
Block: Buckler           |    13 |    45 ||    58

Table legend: (Time is in decaauts)
 A = Elapsed time spent in this place.
 B = Non-inter-level travel time spent in this place.
 C = Inter-level travel time spent in this place.
 D = Time resting spent in this place.
 E = Time spent auto-exploring this place.
 F = Levels seen in this place.
 G = Mean time per level.
                   A        B        C        D        E       F      G
               +--------+--------+--------+--------+--------+-----+--------+
         Total |   3340 |   3278 |     62 |    218 |   2324 |   5 |  668.0 |
       Dungeon |   3340 |   3278 |     62 |    218 |   2324 |   5 |  668.0 |
               +--------+--------+--------+--------+--------+-----+--------+

Top non-repeatable levels by time:
     D:2: 857 daAuts
     D:3: 831 daAuts
     D:1: 818 daAuts
     D:4: 747 daAuts
     D:5: 84 daAuts
